 Dungeon Crawl Stone Soup version 0.30-a0-691-g754fce4c43 (webtiles) character file.

Game seed: 8707074868888895800

1735 Decipherer the Spear-Bearer (level 8, -5/73 HPs)
             Began as a Minotaur Berserker on Jan 19, 2023.
             Was a Priest of Trog.
             Slain by a centaur (6 damage)
             ... on level 6 of the Dungeon.
             The game lasted 00:03:21 (4520 turns).

Decipherer the Spear-Bearer (Minotaur Berserker)    Turns: 4520, Time: 00:03:22

Health: -5/73      AC:  4    Str: 25    XL:     8   Next: 76%
Magic:  7/7        EV: 13    Int:  4    God:    Trog [***...]
Gold:   274        SH:  0    Dex:  9    Spells: 7/7 levels left

rFire   . . .      SeeInvis .    H - +3 dire flail (protect)
rCold   . . .      Faith    .    (shield currently unavailable)
rNeg    . . .      Spirit   .    b - +0 animal skin
rPois   +          Reflect  .    (helmet restricted)
rElec   .          Harm     .    (no cloak)
rCorr   .          Rampage  .    x - +0 pair of gloves
Will    .....                    A - +0 pair of boots
Stlth   ++                       (no amulet)
HPRegen 0.32/turn                q - ring of poison resistance
MPRegen 0.10/turn                (no ring)

@: lethally poisoned (-5 -> -8), on berserk cooldown, slowed, very slow
A: horns 2, retaliatory headbutt
a: Renounce Religion, Berserk, Trog's Hand


You were on level 6 of the Dungeon.
You worshipped Trog.
Trog was most pleased with you.
You visited 1 branch of the dungeon, and saw 6 of its levels.

You collected 274 gold pieces.

Inventory:

Hand Weapons
 a - a +0 spear
 H - a +3 dire flail of protection (weapon)
Missiles
 y - 4 javelins
 E - 10 poisoned darts
 I - a throwing net
Armour
 b - a +0 animal skin (worn)
 x - a +0 pair of gloves (worn)
 A - a +0 pair of boots (worn)
Jewellery
 q - a ring of poison resistance (left hand)
Wands
 v - a wand of paralysis (3)
 w - a wand of quicksilver (8)
 B - a wand of flame (8)
Scrolls
 d - a scroll of silence {unknown}
 e - 9 scrolls of identify {unknown}
 f - 2 scrolls of fog {unknown}
 h - a scroll of butterflies {unknown}
 i - 2 scrolls of immolation {unknown}
 j - a scroll of blinking {unknown}
 k - a scroll of fear {unknown}
 l - 2 scrolls of teleportation {unknown}
 n - a scroll of vulnerability {unknown}
 p - a scroll of poison {unknown}
 r - 3 scrolls of enchant weapon {unknown}
 t - a scroll of magic mapping {unknown}
 C - a scroll of amnesia {unknown}
 F - a scroll of torment {unknown}
Potions
 c - a potion of haste {unknown}
 g - 3 potions of degeneration {unknown}
 m - 3 potions of ambrosia {unknown}
 o - 2 potions of heal wounds {unknown}
 s - 2 potions of flight {unknown}
 u - a potion of berserk rage {unknown}
 z - a potion of attraction {unknown}
 D - a potion of brilliance {unknown}
 G - a potion of resistance {unknown}
 J - 2 potions of cancellation {unknown}


   Skills:
 + Level 7.1 Fighting
 + Level 1.6 Maces & Flails
 + Level 9.0 Polearms
 + Level 2.7 Armour
 + Level 6.1 Dodging
 + Level 4.1 Stealth


You had 7 spell levels left.
You didn't know any spells.
Your spell library contained the following spells:

 Spells                   Type           Power      Damage    Failure   Level
 Foxfire                  Conj/Fire      0%         2x1d4     50%         1
 Freeze                   Ice            0%         1d3       50%         1
 Necrotise                Necr           0%         1d4       50%         1
 Sandblast                Erth           0%         2d4       50%         1
 Passwall                 Tmut/Erth      0%         N/A       65%         2
 Hailstorm                Conj/Ice       0%         3d3       86%         3
 Stone Arrow              Conj/Erth      0%         3d7       86%         3
 Vampiric Draining        Necr           0%         2d6       86%         3
 Leda's Liquefaction      Hex/Erth       0%         N/A       99%         4
 Agony                    Necr           0%         N/A       100%        5
 Fireball                 Conj/Fire      0%         3d3       100%        5
 Lee's Rapid Deconstruct  Erth           0%         3d4*      100%        5
 Starburst                Conj/Fire      0%         6d3       100%        6
 Ozocubu's Refrigeration  Ice            0%         4d7       100%        7


Dungeon Overview and Level Annotations

Branches:
Dungeon (6/15)             Temple (0/1) D:4

Altars:
Dithmenos
Nemelex Xobeh
Qazlal


Innate Abilities, Weirdness & Mutations

You have a pair of horns on your head.
You reflexively headbutt those who attack you in melee.


Message History

The centaur kicks you but does no damage.
The orc misses you.
You barely miss the water moccasin. You headbutt the water moccasin!
The water moccasin is heavily wounded.
You feel very sick. The water moccasin bites you. The centaur hits you.
The centaur kicks you but does no damage.
The water moccasin bites you but does no damage.
You feel very sick. The orc misses you.
The centaur wields a +0 shortbow.
The centaur shoots an arrow.
The arrow hits you.
* * * LOW HITPOINT WARNING * * *
The water moccasin closely misses you. You furiously retaliate!
You headbutt the water moccasin!
You kill the water moccasin!
Trog accepts your kill. The orc closely misses you. You furiously retaliate!
You headbutt the orc!
You kill the orc!
Trog accepts your kill.
Your Polearms skill increases to level 9!
Things that are here:
a +0 hand axe; a +0 leather armour; an orc corpse You feel a strong urge to attack something.
You feel sick.
The centaur shoots an arrow.
The arrow barely misses you.
Things that are here:
a +0 flail; a +0 leather armour; an orc corpse You feel sick.
The centaur shoots an arrow.
The arrow closely misses you.
Things that are here:
a +0 hand axe; a +0 leather armour; an orc corpse You enter the shallow water.
Moving in this stuff is going to be slow.
You feel your anger nearly subside.
You are no longer berserk.
You are exhausted.
You feel yourself slow down.
You feel sick.
The centaur shoots an arrow.
The arrow hits you!
* * * LOW HITPOINT WARNING * * *
* * * LOW HITPOINT WARNING * * *
You feel very sick.
The centaur unwields a +0 shortbow.
The centaur hits you.
You die...

# . #............# .
#..~~........# .
##.~..~.......# .
##~~~..~..~~...~ .
#~~~..~..~..~..~ .
.......#~~...~.⌠~..~..~
.........#~~..~..~⌠.~.!.~
.........#~~..~c@~..~..~~
.........##~...~~).~..~~~
..........##.....).~..~.#
..........##........~~..#
...........#............#
...>.....................
.>.......................
..............#..##....##
.......###....##.......#


You could see a centaur.

Vanquished Creatures
  Pikel (D:5)
  Grinder (D:3)
  Menkaure (D:4)
  Edmund (D:5)
  A water moccasin (D:6)
  A phantom (D:6)
  Blork the orc (D:5)
  4 scorpions
  2 hounds
  4 iguanas
  Ijyb (D:3)
  Terence (D:2)
  5 adders
  A shadow imp (D:5)
  4 worms
  3 dart slugs
  6 orcs
  4 bats
  7 endoplasms
  4 giant cockroaches
  8 goblins
  9 hobgoblins
  11 jackals
  2 quokkas
  4 ball pythons
  2 frilled lizards (D:3)
  4 kobolds
  3 rats
96 creatures vanquished.

Notes
Turn   | Place    | Note
-------+----------+-------------------------------------------
     0 | D:1      | Decipherer the Minotaur Berserker began the quest for the
                  | Orb.
     0 | D:1      | Reached XP level 1. HP: 19/19 MP: 0/0
    88 | D:1      | Got Sif Muna's Verses on Excavation and the Wendigo
   115 | D:1      | Reached skill level 4 in Polearms
   115 | D:1      | Reached XP level 2. HP: 24/27 MP: 1/1
   331 | D:1      | Reached ** piety under Trog
   526 | D:2      | Reached XP level 3. HP: 31/33 MP: 2/2
   902 | D:2      | Noticed Terence
   914 | D:2      | Killed Terence
   915 | D:2      | Reached XP level 4. HP: 35/41 MP: 3/3
  1435 | D:3      | Reached skill level 5 in Polearms
  1586 | D:3      | Noticed Ijyb
  1595 | D:3      | Paralysed by Ijyb for 2 turns
  1602 | D:3      | Killed Ijyb
  1855 | D:3      | Noticed Grinder
  1869 | D:3      | Killed Grinder
  1870 | D:3      | Reached skill level 5 in Fighting
  1870 | D:3      | Reached skill level 6 in Polearms
  1870 | D:3      | Reached skill level 1 in Stealth
  1870 | D:3      | Reached XP level 5. HP: 41/48 MP: 4/4
  1870 | D:3      | Reached XP level 6. HP: 48/56 MP: 5/5
  2660 | D:4      | Found a staircase to the Ecumenical Temple.
  2836 | D:4      | Noticed Menkaure
  2848 | D:4      | Killed Menkaure
  2852 | D:4      | Reached XP level 7. HP: 28/61 MP: 6/6
  3169 | D:4      | Found a sparkling altar of Nemelex Xobeh.
  3192 | D:5      | Entered Level 5 of the Dungeon
  3242 | D:5      | Noticed Blork the orc
  3259 | D:5      | Found a shadowy altar of Dithmenos.
  3262 | D:5      | Killed Blork the orc
  3262 | D:5      | Reached *** piety under Trog
  3263 | D:5      | Reached skill level 7 in Polearms
  3456 | D:5      | Noticed Pikel
  3477 | D:5      | HP: 4/93 [lemure[Pikel] (5)]
  3478 | D:5      | Killed Pikel
  3479 | D:5      | Reached skill level 8 in Polearms
  3479 | D:5      | Reached skill level 5 in Dodging
  3479 | D:5      | Reached XP level 8. HP: 5/71 MP: 7/7
  4014 | D:5      | Noticed Edmund
  4029 | D:5      | Killed Edmund
  4397 | D:6      | Reached skill level 1 in Maces & Flails
  4446 | D:6      | Found a stormy altar of Qazlal.
  4517 | D:6      | Reached skill level 9 in Polearms
  4519 | D:6      | HP: 3/73 [centaur/arrow (14)]
  4520 | D:6      | HP: 1/73 [poisoned by a water moccasin]
  4520 | D:6      | Slain by a centaur

Illustrated notes

Levels and vault maps discovered:
D:1:      ncdulo_lavacross, layout_rooms
D:2:      layout_basic, uniq_terence
D:3:      minmay_evil_eye, layout_basic, corexii_hall_statues_deadend,
          uniq_ijyb, uniq_grinder
D:4:      layout_cave_pools, nemelex_spade_bored_becter,
          minmay_temple_entry_sparse_star, uniq_menkaure
D:5:      layout_gridville, mainiacjoe_overflow_boulevard, uniq_pikel,
          uniq_edmund, uniq_blork_the_orc
D:6:      cheibrodos_helix_gallery, layout_cave_pools,
          nicolae_qazlal_scattered_showers

Skill      XL: |  1  2  3  4  5  6  7  8 |
---------------+-------------------------+-----
Fighting       | 4 5 6 7 |  7.1
Polearms       | 4 6 8 9 |  9.0
Dodging        | 4 5 6 |  6.1
Stealth        | 1 3 4 |  4.1
Maces & Flails | 1 |  1.6
Armour         | |  2.7

Action                   |  1- 3 |  4- 6 |  7- 9 || total
-------------------------+-------+-------+-------++-------
Melee: Spear             |   107 |   105 |    94 ||   306
       Headbutt          |    18 |    13 |    19 ||    50
       Dire flail        |       |       |    20 ||    20
Invok: Berserk           |     2 |     2 |     3 ||     7
 Stab: Sleeping          |       |     3 |     3 ||     6
Armor: Animal skin       |    19 |     4 |    22 ||    45
Dodge: Dodged            |    56 |    33 |    67 ||   156

Table legend: (Time is in decaauts)
 A = Elapsed time spent in this place.
 B = Non-inter-level travel time spent in this place.
 C = Inter-level travel time spent in this place.
 D = Time resting spent in this place.
 E = Time spent auto-exploring this place.
 F = Levels seen in this place.
 G = Mean time per level.
                   A        B        C        D        E       F      G
               +--------+--------+--------+--------+--------+-----+--------+
         Total |   4525 |   4361 |    164 |      0 |   3712 |   6 |  754.2 |
       Dungeon |   4525 |   4361 |    164 |      0 |   3712 |   6 |  754.2 |
               +--------+--------+--------+--------+--------+-----+--------+

Top non-repeatable levels by time:
     D:5: 1110 daAuts
     D:3: 1108 daAuts
     D:2: 883 daAuts
     D:4: 696 daAuts
     D:1: 506 daAuts
     D:6: 220 daAuts
